 Dungeon Crawl Stone Soup version 0.31-a0-202-g547052bce9 (webtiles) character file.

Game seed: 17757678845635275188

8 qw the Shooter (level 2, 0/16 HPs)
             Began as a Deep Elf Hunter on June 26, 2023.
             Succumbed to their own poison gas
             ... on level 1 of the Dungeon.
             The game lasted 00:00:09 (539 turns).

qw the Shooter (Deep Elf Hunter)                     Turns: 539, Time: 00:00:10

Health: 0/16       AC:  5    Str:  8    XL:     2   Next: 0%
Magic:  4/4        EV: 10    Int: 13    God:
Gold:   42         SH:  0    Dex: 18    Spells: 1/1 levels left

rFire   . . .        Y - +0 shortbow
rCold   . . .        (shield currently unavailable)
rNeg    . . .        e - +0 ring mail
rPois   .            (no helmet)
rElec   .            (no cloak)
rCorr   +            (no gloves)
SInv    .            (no boots)
Will    .....        (no amulet)
Stlth   +            f - ring of resist corrosion
HPRegen 0.22/turn    (no ring)
MPRegen 0.09/turn

%: no passive effects
@: lethally poisoned (0 -> -2)
A: no striking features
a: no special abilities


You were on level 1 of the Dungeon.
You visited 1 branch of the dungeon, and saw 1 of its levels.

You collected 42 gold pieces.


   Skills:
 - Level 1.5 Fighting
 + Level 5.9 Ranged Weapons
 - Level 2.4 Dodging
 - Level 1.2 Stealth


You had one spell level left.
You didn't know any spells.
Your spell library was empty.

Inventory:

Hand Weapons
 Y - a +0 shortbow (weapon)
Armour
 e - a +0 ring mail (worn)
Jewellery
 f - a ring of resist corrosion (left hand)
Potions
 d - a potion of heal wounds

Dungeon Overview and Level Annotations

Branches:
Dungeon (1/15)

Altars:


Message History

Sorry, I don't know how to get there.
Enter note:
Enter note:
Enter note:
Enter note:
Enter note:
Enter note:
Enter note:
Enter note:
Enter note: You shoot an arrow.
The arrow hits your dart slug.
Your dart slug is heavily wounded.
Your dart slug dissolves into shadows!
Done exploring.
(D) Dungeon
Where to? (* - list waypoints, Enter - D:2, ? - help)
What level of the Dungeon? (default 1, ? - help) Sorry, I don't know how to get there.
Enter note:
Enter note:
Enter note: Really walk into that cloud of poison gas?
You are engulfed in poison gas.
You are poisoned.
Ouch! That really hurt!
You feel sick.
534 ||| Stepping ~*~*~tactically~*~*~ (cloud).
You feel sick.
Things that are here:
a scroll of butterflies; a +0 leather armour
There is a lethal amount of poison in your body!
You feel sick.
There is a lethal amount of poison in your body!
You feel sick.
There is a lethal amount of poison in your body!
You feel sick.
There is a lethal amount of poison in your body!
You feel sick.
There is a lethal amount of poison in your body!
You die...

#.#######.####.........##.##.#...
.########.####....<....##.##.##..
..........###....7....###.##..#..
..######..###.........#######.###
..######..###........##.#####.###
..........0..###.....##.#####.###
########.0#.0#####...##..####.###
#.000ยค0..#####............
#.##.####@####....####.### #.##.#
#0# #.....####.### #.##.####0#
#.#...####.### #.........#
#.##..####.### ####.######
#.#####....### #.# #.# #..###
#.########.# #>## #..........#
#.###### ############ #.......


There were no monsters in sight!

Vanquished Creatures
  A ball python (D:1)
  An endoplasm (D:1)
  2 goblins (D:1)
  A hobgoblin (D:1)
  2 frilled lizards (D:1)
  A rat (D:1)
8 creatures vanquished.

Notes
Turn   | Place    | Note
-------+----------+-------------------------------------------
     0 | D:1      | qw the Deep Elf Hunter began the quest for the Orb.
     0 | D:1      | Reached XP level 1. HP: 12/12 MP: 3/3
     0 | D:1      | 0 ||| qw: Version: 0.3-a-22-g0ed2b0b
     0 | D:1      | 0 ||| qw: Game counter: 5992
     0 | D:1      | 0 ||| qw: Melee chars always use a shield: true
     0 | D:1      | 0 ||| qw: God list: Okawaru
     0 | D:1      | 0 ||| qw: Allow faded altars: false
     0 | D:1      | 0 ||| qw: Do Orc after clearing Dungeon:15 true
     0 | D:1      | 0 ||| qw: Do second Lair branch before Depths: true
     0 | D:1      | 0 ||| qw: Lair rune preference: random
     0 | D:1      | 0 ||| qw: Goals: Normal
     0 | D:1      | 0 ||| PLANNING D:1-11
    72 | D:1      | Found a faded altar of an unknown god.
   305 | D:1      | 305 ||| DROPPING +0 sling of electrocution.
   391 | D:1      | Reached XP level 2. HP: 16/16 MP: 4/4
   515 | D:1      | 515 ||| UPGRADING to +0 ring mail.
   525 | D:1      | 525 ||| DROPPING +0 leather armour.
   526 | D:1      | 526 ||| UPGRADING to ring of resist corrosion.
   527 | D:1      | 527 ||| READING scroll labelled YCRECE ESTRAY.
   528 | D:1      | 528 ||| READING scroll labelled UTYLY LADUE.
   529 | D:1      | 529 ||| READING scroll labelled PYDURI WUIDD.
   530 | D:1      | 530 ||| DRINKING 2 emerald potions.
   531 | D:1      | 531 ||| DROPPING scroll of butterflies.
   534 | D:1      | 534 ||| Stepping ~*~*~tactically~*~*~ (cloud).
   534 | D:1      | HP: 4/16 [poisoned by you (poison gas)]
   537 | D:1      | HP: 1/16 [poisoned by you (poison gas)]
   539 | D:1      | Succumbed to their own poison gas

Levels and vault maps discovered:
D:1:      spicycebolla_green_bress_n_ham, layout_loops_ring,
          hellmonk_ecumenical_altar_blasted, reono_crystal_passage

Action                     || total
---------------------------++-------
   Fire: Shortbow          ||    13
    Use: Scroll            ||     3
         Potion            ||     1

Table legend:
 A = Non-vault XP
 B = Vault XP
 C = Vault XP percentage of total XP
 D = Non-vault monster count
 E = Vault monster count
 F = Vault count percentage of total count
                 A         B        C        D         E       F
            +---------+---------+-------+---------+---------+-------
      Total |      12 |       0 |   0.0 |       8 |       0 |   0.0
            +---------+---------+-------+---------+---------+-------
        D:1 |      12 |       0 |   0.0 |       8 |       0 |   0.0
            +---------+---------+-------+---------+---------+-------
